 Dungeon Crawl Stone Soup version 0.29.1-2-gbd0b4ee654 (webtiles) character file.

Game seed: 5129294317327585421

249 safid the Shooter (level 5, -1/48 HPs)
             Began as a Minotaur Hunter on Nov 9, 2022.
             Slain by an iguana (13 damage)
             ... on level 4 of the Dungeon.
             The game lasted 00:04:01 (3159 turns).

safid the Shooter (Minotaur Hunter)                 Turns: 3159, Time: 00:04:02

Health: -1/48      AC:  3    Str: 13 (15) XL:     5   Next: 86%
Magic:  4/4        EV: 16    Int:  3 (6)  God:
Gold:   173        SH:  0    Dex: 15 (16) Spells: 4/4 levels left

rFire   . . .      SeeInvis .   a - +0 shortbow
rCold   . . .      Faith    .   (shield currently unavailable)
rNeg    . . .      Spirit   .   c - +0 leather armour
rPois   .          Reflect  .   (helmet restricted)
rElec   .          Harm     .   (no cloak)
rCorr   .          Rampage  .   (no gloves)
Will    .....                   (no boots)
Stlth   +.........              l - amulet of the acrobat
HPRegen 0.16/turn               g - +4 ring of evasion
MPRegen 0.09/turn               (no ring)

@: lethally poisoned (-1 -> -8), slowed, very slow
A: horns 2, retaliatory headbutt
a: no special abilities


You were on level 4 of the Dungeon.
You visited 1 branch of the dungeon, and saw 4 of its levels.

You collected 173 gold pieces.

Inventory:

Hand Weapons
 a - a +0 shortbow (weapon)
Missiles
 n - 6 javelins
 q - 3 curare-tipped darts
Armour
 c - a +0 leather armour (worn)
Jewellery
 g - a +4 ring of evasion (left hand)
 l - an amulet of the acrobat (around neck)
 x - a ring of ice
Wands
 o - a wand of roots (10)
Scrolls
 b - a scroll of immolation
 d - a scroll of enchant weapon {unknown}
 f - a scroll of acquirement {unknown}
 i - 4 scrolls of identify {unknown}
 j - 2 scrolls of poison {unknown}
 m - 2 scrolls of enchant armour {unknown}
 p - a scroll of teleportation {unknown}
 r - a scroll of magic mapping {unknown}
 v - a scroll of vulnerability {unknown}
Potions
 e - a potion of degeneration
 h - a potion of heal wounds {unknown}
 k - a potion of might {unknown}
 s - a potion of invisibility {unknown}
 t - a potion of flight {unknown}
 u - a potion of resistance {unknown}


   Skills:
 + Level 5.5 Fighting
 + Level 6.3 Ranged Weapons
 - Level 2.1 Dodging
 - Level 0.7 Stealth


You had 4 spell levels left.
You didn't know any spells.
Your spell library was empty.

Dungeon Overview and Level Annotations

Branches:
Dungeon (4/15)
 Temple: D:4-7

Altars:
Gozag


Innate Abilities, Weirdness & Mutations

You have a pair of horns on your head.
You reflexively headbutt those who attack you in melee.


Message History

The gnoll shouts!
The arrow hits the gnoll.
The gnoll is heavily wounded.
You shoot an arrow. The arrow barely misses the gnoll.
You shoot an arrow. The arrow barely misses the gnoll.
The gnoll hits you from afar with a +0 spear.
You shoot an arrow. The arrow hits the gnoll!
You kill the gnoll!
No target in view!
A kobold brigand comes into view.
It is wielding a +2 dagger of speed and quivering curare-tipped darts.
You shoot an arrow. The arrow hits the kobold brigand!
The kobold brigand shouts!
The kobold brigand is moderately wounded.
You hear an angry hiss.
The kobold brigand throws a curare-tipped dart.
The curare-tipped dart hits you.
You are poisoned.
You have difficulty breathing.
You feel yourself slow down.
You shoot an arrow. The arrow hits the kobold brigand.
The kobold brigand is heavily wounded.
You feel very sick.
The kobold brigand throws a curare-tipped dart.
The curare-tipped dart hits you.
You are more poisoned.
You have difficulty breathing.
You feel as though you will be slow longer.
An iguana comes into view.
You shoot an arrow. The arrow hits the iguana.
The iguana is moderately wounded.
You feel extremely sick.
A jelly comes into view.
The iguana barely misses you.
You are too injured to fight recklessly!
Unknown command.
You feel very sick.
It was a potion of degeneration.
There was something very wrong with that liquid.
You feel weakened.
You feel dopey.
You feel clumsy.
You feel very sick. The iguana closely misses you. The iguana bites you!
You die...

# ##.. ######### .... # #
#........ # #. .######........
####### .. #.#.............
....... #.####.#.............
....... #K.J...'.............
....)...#### #l..#.............
........... #@#.#.............
..........# #.# #.....##..###.
......<...# #.###....)##......
##+###....# #.##.........^###.
...# #....## #.##.###+###..# #.
##)# #.....# ###.##>###.###..# #.
##.###.....###...........##..# ##
..............##.##.#...###.(####
...........##.##.##..............


You could see an iguana and a jelly.

Vanquished Creatures
  A hound (D:4)
  An orc priest (D:3)
  A gnoll bouda (D:3)
  An iguana (D:4)
  An orc wizard (D:4)
  2 gnolls (D:4)
  3 adders
  2 worms
  2 dart slugs
  5 orcs
  4 bats
  6 endoplasms
  5 goblins
  5 hobgoblins
  5 kobolds
  2 quokkas
  7 ball pythons
  2 frilled lizards
  2 rats
57 creatures vanquished.

Notes
Turn   | Place    | Note
-------+----------+-------------------------------------------
     0 | D:1      | safid the Minotaur Hunter began the quest for the Orb.
     0 | D:1      | Reached XP level 1. HP: 18/18 MP: 0/0
   100 | D:1      | Reached XP level 2. HP: 26/26 MP: 1/1
   513 | D:1      | You fall into a shaft and drop 1 floor!
   954 | D:2      | Reached skill level 5 in Ranged Weapons
   954 | D:2      | Reached XP level 3. HP: 31/31 MP: 2/2
  1969 | D:3      | Found a faded altar of an unknown god.
  2102 | D:3      | Reached XP level 4. HP: 31/41 MP: 3/3
  2353 | D:3      | Found an opulent altar of Gozag.
  2794 | D:3      | Reached XP level 5. HP: 30/47 MP: 4/4
  2919 | D:4      | Reached skill level 5 in Fighting
  2919 | D:4      | Reached skill level 6 in Ranged Weapons
  3159 | D:4      | Slain by an iguana

Illustrated notes

Levels and vault maps discovered:
D:1:      heliophobic_arrival_glass_houses, layout_loops_ring,
          dreamdust_mushroom_princess
D:2:      layout_basic
D:3:      layout_basic, nicolae_gozag_seed_capital,
          chequers_ecumenical_altar_lobes
D:4:      layout_basic, grunt_decor_fettered

Skill      XL: |  1  2  3  4  5 |
---------------+----------------+-----
Fighting       | 3 4 5 |  5.5
Ranged Weapons | 5 6 |  6.3
Dodging        | |  2.1
Stealth        | |  0.7

Action                   |  1- 3 |  4- 6 || total
-------------------------+-------+-------++-------
 Fire: Shortbow          |    96 |    65 ||   161
  Use: Potion            |       |     1 ||     1
Armor: Leather armour    |     9 |     1 ||    10
Dodge: Dodged            |    24 |    16 ||    40
